 Dungeon Sprint DCSS version 0.22-a0-367-gb72a975 (webtiles) character file.

948 KristoblXynda the Cleaver (level 8, -17/58 HPs)
             Began as a Formicid Fighter on Apr 22, 2018.
             Demolished by a tyrant leech (21 damage)
             ... in the Dungeon (Sprint II: "The Violet Keep of Menkaure").
             The game lasted 00:06:04 (903 turns).

KristoblXynda the Cleaver (Formicid Fighter)         Turns: 903, Time: 00:06:04

Health: -17/58     AC: 14    Str: 26    XL:     8   Next: 35%
Magic:  7/7        EV:  8    Int:  7    God:
Gold:   160        SH: 13    Dex: 13    Spells: 7/7 levels left

rFire    . . .     SeeInvis +   a - +0 war axe
rCold    + . .     Gourm    .   c - +0 shield
rNeg     . . .     Faith    .   g - +1 chain mail "Ynle Dyppeh" {rC+ Dex+4}
rPois    .         Spirit   .   (helmet unavailable)
rElec    .         Reflect  .   (no cloak)
rCorr    .         Harm     .   (no gloves)
MR       .....                  (no boots)
Stlth    ..........             (no amulet)
HPRegen  0.19/turn              (no ring)
MPRegen  0.10/turn              (no ring)

@: mighty
A: permanent stasis, dig shafts and tunnels, four strong arms, antennae 3,
yellow scales 1, clumsy 1, dopey 1, low mp 1, evolution 1, no potion heal 1
a: Dig


You were in the Dungeon.
You were not hungry.

You visited 1 branch You collected 729 gold pieces.
You spent 569 gold pieces at shops.

Inventory:

Hand Weapons
 a - a +0 war axe (weapon)
Armour
 c - a +0 shield (worn)
 g - the +1 chain mail "Ynle Dyppeh" (worn) {rC+ Dex+4}
   (You bought it in a shop in the Dungeon)

   It affects your dexterity (+4).
   It protects you from cold.
Potions
 e - a potion of curing
 i - 2 potions of magic
 j - a potion of mutation
Comestibles
 f - a ration


   Skills:
 - Level 3.2 Fighting
 + Level 12.1 Axes
 + Level 10.0 Armour
 + Level 1.6 Stealth
 + Level 10.9 Shields


You had 7 spell levels left.
You didn't know any spells.

Dungeon Overview and Level Annotations

Branches:
Dungeon (1/1)

Altars:

Shops:
D ?:[(}==:[}!!:[%[

Annotations:
D exclusion: oklob plant


Innate Abilities, Weirdness & Mutations

You cannot be hasted, slowed, berserked, paralysed or teleported.
You can dig through walls and to a lower floor.
Your four strong arms can wield two-handed weapons with a shield.
You have a pair of large antennae on your head. (SInv)
You are partially covered in yellow scales. (AC +2)
You are clumsy. (Dex -2)
You are dopey. (Int -2)
Your magical capacity is low. (-10% MP)
You evolve.
Potions are less effective at restoring your health.


Message History

* * * LOW HITPOINT WARNING * * *
The tyrant leech draws strength from your injuries!
You slash the tyrant leech!
The tyrant leech is severely wounded.
You block the tyrant leech's attack.
You closely miss the tyrant leech.
The tyrant leech is severely wounded.
The tyrant leech barely misses you.
You closely miss the tyrant leech.
The tyrant leech is heavily wounded.
You miss the tyrant leech.
The tyrant leech is heavily wounded.
The tyrant leech bites you but does no damage.
You closely miss the tyrant leech.
The tyrant leech is heavily wounded.
You block the tyrant leech's attack.
You completely miss the tyrant leech.
The tyrant leech is heavily wounded.
The tyrant leech bites you!!
You die...

############≈≈#++
###########≈≈≈... {
##∩.∩.....#≈≈≈≈.##+## {
##.∩.∩....#≈≈≈≈###..## {{
##..∩.∩...#≈≈≈≈#.##?.# {
##...∩.∩.[#≈≈####.#.####
##....∩.⌠.#≈##.###'###.##
##...∩.∩..#≈##..##.##...#
{
##..∩.∩...'≈'##.@ww.'.##+
##.∩.∩....#≈#.#.##.##...#
#▓▓▓▓▓▓▓###≈##.###'###.##
##?xx######≈≈####.#$# ##
#)GG#E. ##≈≈≈#.. ..#
#∩PG+[$#+ +#≈##. .##
#($.#%##.# { ≈≈## ##
#!..###§.. ≈≈ ##+###.z..


You could see 2 tyrant leeches.

Vanquished Creatures
  4 neqoxecs (D)
  4 necrophages (D)
  A crocodile (D)
  3 worms (D)
12 creatures vanquished.

Vanquished Creatures (others)
  Menkaure (D)
  A crocodile (D)
2 creatures vanquished.

Grand Total: 14 creatures vanquished

Notes
Turn   | Place    | Note
-------+----------+-------------------------------------------
     0 | D        | KristoblXynda the Formicid Fighter began the quest for the Orb.
     0 | D        | Reached XP level 1. HP: 18/18 MP: 1/1
    23 | D        | Killed Menkaure
    25 | D        | Reached skill level 3 in Axes
    25 | D        | Reached XP level 2. HP: 15/24 MP: 2/2
    40 | D        | Killed a crocodile
   174 | D        | Noticed a necrophage
   174 | D        | Noticed a necrophage
   174 | D        | Noticed a necrophage
   174 | D        | Noticed a necrophage
   185 | D        | Killed a necrophage
   185 | D        | Reached skill level 6 in Axes
   185 | D        | Reached skill level 5 in Armour
   185 | D        | Reached XP level 3. HP: 12/29 MP: 3/3
   185 | D        | Reached XP level 4. HP: 14/35 MP: 4/4
   193 | D        | Killed a necrophage
   193 | D        | Reached skill level 8 in Axes
   193 | D        | Reached XP level 5. HP: 17/41 MP: 5/5
   198 | D        | Killed a necrophage
   198 | D        | Reached skill level 9 in Axes
   198 | D        | Reached XP level 6. HP: 21/47 MP: 6/6
   218 | D        | Killed a necrophage
   464 | D        | Noticed a tyrant leech
   464 | D        | Noticed a tyrant leech
   467 | D        | Noticed a neqoxec
   467 | D        | Noticed a neqoxec
   467 | D        | Noticed a neqoxec
   467 | D        | Noticed a neqoxec
   468 | D        | Gained mutation: Potions are less effective at restoring your health. [a neqoxec]
   468 | D        | Gained mutation: You are weak. (Str -2) [a neqoxec]
   468 | D        | Gained mutation: You are clumsy. (Dex -2) [a neqoxec]
   471 | D        | Gained mutation: You occasionally shout uncontrollably at your foes. [a neqoxec]
   475 | D        | Gained mutation: Your magical capacity is low. (-10% MP) [a neqoxec]
   478 | D        | Killed a neqoxec
   478 | D        | Reached skill level 10 in Axes
   478 | D        | Reached XP level 7. HP: 45/49 MP: 6/6
   492 | D        | Gained mutation: Your magical capacity is very low. (-20% MP) [a neqoxec]
   496 | D        | Killed a neqoxec
   496 | D        | Reached skill level 11 in Axes
   496 | D        | Reached skill level 10 in Shields
   499 | D        | Gained mutation: Your natural rate of healing is unusually fast. [a neqoxec]
   503 | D        | Killed a neqoxec
   503 | D        | Reached XP level 8. HP: 10/55 MP: 6/6
   517 | D        | Reached skill level 12 in Axes
   708 | D        | Found Dide's Book Boutique.
   708 | D        | Found Vohegiat's Food Boutique.
   708 | D        | Found Noescho's Distillery.
   709 | D        | Found Bevol's Armour Shop.
   709 | D        | Found Qezxecut's Distillery.
   709 | D        | Found Fulology's Gadget Boutique.
   709 | D        | Found Rotuenlu's Antique Armour Shop.
   709 | D        | Found Kasetobb's Book Boutique.
   710 | D        | Found Zeharus's Jewellery Boutique.
   710 | D        | Found Ixuintop's Gadget Shop.
   711 | D        | Found Xigeori's Armour Shop.
   711 | D        | Found Mecim's Jewellery Boutique.
   711 | D        | Noticed an unseen horror
   712 | D        | Found Pugif's Antique Weapon Boutique.
   712 | D        | Found Qipofun's Antique Armour Shop.
   712 | D        | Noticed an unseen horror
   712 | D        | Noticed an oklob plant
   713 | D        | Found Qeobb's Book Shoppe.
   713 | D        | Found Hifudomnue's Magic Scroll Boutique.
   715 | D        | Noticed a shining eye
   716 | D        | Noticed a shining eye
   717 | D        | Noticed a shining eye
   720 | D        | Noticed a flying skull
   721 | D        | Noticed an iron elemental
   723 | D        | Noticed a flying skull
   726 | D        | Bought the +1 chain mail "Ynle Dyppeh" {rC+ Dex+4} for 319 gold pieces
   730 | D        | Bought a potion of heal wounds for 50 gold pieces
   730 | D        | Bought a potion of mutation for 80 gold pieces
   730 | D        | Bought a potion of mutation for 80 gold pieces
   730 | D        | Lost mutation: Your magical capacity is very low. (-20% MP) [potion of mutation]
   730 | D        | Lost mutation: You occasionally shout uncontrollably at your foes. [potion of mutation]
   730 | D        | Lost mutation: You are weak. (Str -2) [potion of mutation]
   730 | D        | Lost mutation: Your natural rate of healing is unusually fast. [potion of mutation]
   730 | D        | Gained mutation: You evolve. [potion of mutation]
   730 | D        | Gained mutation: You are dopey. (Int -2) [potion of mutation]
   730 | D        | Gained mutation: You are partially covered in yellow scales. (AC +2) [potion of mutation]
   764 | D        | Bought a potion of might for 40 gold pieces
   772 | D        | Reached skill level 10 in Armour
   772 | D        | Reached skill level 1 in Stealth
   903 | D        | Demolished by a tyrant leech

Vault maps used:
D:        the_violet_keep_of_menkaure

Skill      XL: |  1  2  3  4  5  6  7  8 |
---------------+-------------------------+-----
Shields        | 4 6 7 8 9 10 | 10.9
Axes           | 3 6 8 9 10 11 12 | 12.1
Armour         | 5 6 7 8 9 10 | 10.0
Stealth        | 1 |  1.6
Fighting       | |  3.2

Action                   |  1- 3 |  4- 6 |  7- 9 || total
-------------------------+-------+-------+-------++-------
Melee: War axe           |    36 |    42 |    59 ||   137
  Use: Potion            |     1 |       |     4 ||     5
Armor: Scale mail        |     9 |    10 |     4 ||    23
       Chain mail        |       |       |     1 ||     1
Dodge: Dodged            |     5 |     3 |     9 ||    17
Block: Shield            |    14 |    19 |    16 ||    49

Table legend:
 A = Spawn XP
 B = Non-spawn XP
 C = Spawn XP percentage of total XP
 D = Spawn monster count
 E = Non-spawn monster count
 F = Spawn count percentage of total count
 G = Total turns spent on level
                    A         B        C        D         E        F      G
               +---------+---------+-------+---------+---------+-------+---------
         Total |       0 |    1355 |   0.0 |       0 |      12 |   0.0 |   903
               +---------+---------+-------+---------+---------+-------+---------
             D |       0 |    1355 |   0.0 |       0 |      12 |   0.0 |   903
               +---------+---------+-------+---------+---------+-------+---------
